 Dungeon Crawl Stone Soup version 0.30.1 (webtiles) character file.

Game seed: 15421351893722031924

3051 GimliDwarf the Slicer (level 9, -1/70 HPs)
             Began as a Gnoll Wanderer on July 3, 2023.
             Was a Follower of Ashenzari.
             Slain by a centaur (3 damage)
             ... on level 6 of the Dungeon.
             The game lasted 00:26:22 (6651 turns).

GimliDwarf the Slicer (Gnoll Wanderer)              Turns: 6651, Time: 00:26:22

Health: -1/70      AC: -1    Str: 10    XL:     9   Next: 87%
Magic:  20/20      EV: 14    Int: 14    God:    Ashenzari [*.....]
Gold:   194        SH:  0    Dex: 15    Spells: 19/23 levels left

rFire   . . .        a - +5 short sword (heavy)
rCold   . . .        (no shield)
rNeg    . . .        d - +0 robe
rPois   .            (no helmet)
rElec   .            b - +0 cloak
rCorr   .            n - +2 pair of gloves
SInv    +            (no boots)
Will    .....        h - amulet "At What Cost Knowledge?" {Regen+, Comp, Fort} (curse)
Stlth   +            o - ring "Visionary of Ashenzari" {Wiz, Self, Alch} (curse)
HPRegen 1.11/turn    u - ring of see invisible
MPRegen 0.17/turn

%: wizardry (x1)
@: confused, ambrosia-drunk, corroded
A: fangs 1, strong nose, distributed training
a: Renounce Religion, Shatter the Chains


You were on level 6 of the Dungeon.
You worshipped Ashenzari.
Ashenzari was aware of your devotion.
You visited 2 branches of the dungeon, and saw 7 of its levels.
You also visited: Ossuary.

You collected 369 gold pieces.
You spent 175 gold pieces at shops.

Inventory:

Hand Weapons
 a - a +5 heavy short sword (weapon)
 x - a +2 heavy spear
 E - a +2 long sword of freezing
Missiles
 i - 2 silver boomerangs
 t - 3 throwing nets
Armour
 b - a +0 cloak (worn)
 d - a +0 robe (worn)
 k - the +0 leather armour "Ganalaro" {-Cast +Blink Will+++ Regen+}
   (You bought it in a shop on level 4 of the Dungeon)

   +Blink:    It lets you blink.
   -Cast:     It prevents spellcasting.
   Regen:     It increases your rate of health regeneration.
   Will:      It greatly increases your willpower.
 n - a +2 pair of gloves (worn)
Jewellery
 h - the cursed amulet "At What Cost Knowledge?" (around neck) {Regen+, Comp, Fort}
   (You found it on level 1 of the Dungeon)

   [amulet of regeneration]

   Regen:     It increases your rate of health regeneration.
   It has a curse which improves the following skills: Companions: Summonings
   and Necromancy.
   Fortitude: Armour and Shields.
 j - a ring of poison resistance
 o - the cursed ring "Visionary of Ashenzari" (left hand) {Wiz, Self, Alch}
   (You took it off an orc on level 5 of the Dungeon)

   [ring of wizardry]

   It improves your spell success rate.
   It has a curse which improves the following skills: Introspection: Fighting
   and Spellcasting.
   Alchemy:   Poison Magic and Transmutations.
 p - a ring of wizardry
 u - a ring of see invisible (right hand)
 v - a ring of magical power
Wands
 C - a wand of acid (5)
Scrolls
 c - a scroll of silence
 f - 3 scrolls of poison
 w - 2 scrolls of fog
 z - a scroll of fear
 B - a scroll of summoning
Potions
 e - 3 potions of cancellation
 g - 4 potions of curing
 m - a potion of magic
 q - 3 potions of lignification
 r - 2 potions of resistance
 s - a potion of flight
 A - 3 potions of might
 D - a potion of attraction


   Skills:
 + Level 5.5(6.3) Fighting
 + Level 11.5 Short Blades
 + Level 4.8 Long Blades
 + Level 4.8 Axes
 + Level 4.8 Maces & Flails
 + Level 4.8 Polearms
 + Level 4.8 Staves
 + Level 4.8 Ranged Weapons
 + Level 4.8 Throwing
 + Level 4.8(5.6) Armour
 + Level 5.5 Dodging
 + Level 4.8 Stealth
 + Level 4.8(5.6) Shields
 + Level 4.8 Unarmed Combat
 + Level 7.0(7.8) Spellcasting
 + Level 4.0 Conjurations
 + Level 4.0 Hexes
 + Level 4.0(4.7) Summonings
 + Level 4.0(4.7) Necromancy
 + Level 4.0 Translocations
 + Level 4.0(4.7) Transmutations
 + Level 4.0 Fire Magic
 + Level 4.6 Ice Magic
 + Level 4.0 Air Magic
 + Level 4.0 Earth Magic
 + Level 4.0(4.7) Poison Magic
 + Level 5.3 Invocations
 + Level 4.8 Evocations


You had 19 spell levels left.
You knew the following spells:

 Your Spells              Type           Power      Damage    Failure   Level
a - Freeze                Ice            72%        1d8       1%          1
b - Ozocubu's Armour      Ice            18%        N/A       2%          3

Your spell library contained the following spells:

 Spells                   Type           Power      Damage    Failure   Level
 Sublimation of Blood     Necr           18%        N/A       1%          2
 Petrify                  Tmut/Erth      17%        N/A       9%          4
 Irradiate                Conj/Tmut      8%         3d14      24%         5


Dungeon Overview and Level Annotations

Branches:
Dungeon (6/15)             Temple (1/1) D:5         Ossuary (visited)

Altars:
Ashenzari
Cheibriados
Dithmenos
Elyvilon
Gozag
Hepliaklqana
Kikubaaqudgha
Nemelex Xobeh
Qazlal
Ru
Sif Muna
Trog
Uskayaw
Wu Jian
Xom
Yredelemnul
Zin
The Shining One

Shops:
D:1 =   D:4 *   D:6 *[

Annotations:
D:4 3 runed translucent doors, erynZofia's ghost, novice GrHu


Innate Abilities, Weirdness & Mutations

You have very sharp teeth.
Your uncanny sense of smell can sniff out nearby items.
Your experience applies equally to all skills.


Message History

You hit the centaur but do no damage.
The centaur is severely wounded.
The centaur barely misses you. The centaur kicks you.
* * * LOW HITPOINT WARNING * * *
You hit the centaur. You bite the centaur, but do no damage.
The centaur is almost dead.
The centaur hits you.
* * * LOW HITPOINT WARNING * * *
The centaur kicks you.
* * * LOW HITPOINT WARNING * * *
You are confused.
You feel invigorated. The centaur barely misses you. The centaur kicks you.
* * * LOW HITPOINT WARNING * * *
The centaur misses you. The centaur closely misses you.
You bump into the rock wall.
The centaur closely misses you. The centaur barely misses you.
You hit the centaur. You bite the centaur, but do no damage.
The centaur is almost dead.
The centaur is no longer covered in acid.
The centaur hits you!
* * * LOW HITPOINT WARNING * * *
The centaur closely misses you.
You bump into the rock wall.
The centaur hits you.
* * * LOW HITPOINT WARNING * * *
The centaur kicks you.
* * * LOW HITPOINT WARNING * * *
The centaur hits you.
* * * LOW HITPOINT WARNING * * *
The centaur barely misses you.
You bump into the rock wall.
The centaur closely misses you. x2
You closely miss the centaur.
The centaur is almost dead.
The centaur hits you.
* * * LOW HITPOINT WARNING * * *
The centaur kicks you.
* * * LOW HITPOINT WARNING * * *
You bump into the rock wall.
The centaur hits you!
* * * LOW HITPOINT WARNING * * *
The centaur kicks you.
You die...

#.# #.<.#.8. #.# #...#... #.#
#####...#... ##.##
#.......#... ##...##
#.<...⌠....[ ##..$..##
#.......#... ##.......##
######...#...
.###.........###.######...#...
.(..........c@.......##.<.#)8.
###.........####...###...#...
##.......## ## #####...
##.....## #... ##..†## ∆ #...
##.## ###. #.# ## #.# ∆ #
##.## #


You could see a centaur.

Vanquished Creatures
  Prince Ribbit (D:6)
  Sigmund (D:2)
  Menkaure (D:5)
  A water moccasin (D:5)
  A centaur (D:5)
  3 phantoms
  A kobold brigand (D:6)
  2 scorpions
  18 wights
  2 vampire bats (D:4)
  4 jellies
  A gnoll bouda (D:5)
  2 human zombies (Ossuary)
  4 hounds
  An orc priest (D:6)
  2 iguanas
  A scorpion zombie (D:4)
  5 orc wizards
  A hound zombie (D:4)
  5 mummies (Ossuary)
  Robin (D:2)
  8 gnolls (D:5)
  5 adders
  A shadow imp (D:6)
  2 white imps (D:6)
  An adder zombie (D:4)
  A worm (D:2)
  5 dart slugs
  24 orcs
  3 ball pythons
  5 bats
  5 bat skeletons (D:4)
  A bat zombie (D:4)
  10 endoplasms
  2 giant cockroaches (D:1)
  2 gnoll zombies (Ossuary)
  10 goblins
  13 hobgoblins
  7 jackals
  4 quokkas
  4 frilled lizards
  A goblin zombie (Ossuary)
  11 kobolds
  3 orc zombies (Ossuary)
  6 rats
192 creatures vanquished.

Notes
Turn   | Place    | Note
-------+----------+-------------------------------------------
     0 | D:1      | Reached skill level 10 in Short Blades
     0 | D:1      | GimliDwarf the Gnoll Wanderer began the quest for the Orb.
     0 | D:1      | GimliDwarf set off with the following items: a +2 short
                  | sword, a +0 cloak, a scroll of silence, a +0 robe; and the
                  | following spell memorised: Freeze; and the following spells
                  | available to memorise: Ozocubu's Armour.
     0 | D:1      | Reached XP level 1. HP: 17/17 MP: 6/6
   153 | D:1      | Reached XP level 2. HP: 23/23 MP: 7/7
   392 | D:1      | Found Myoly's Jewellery Shoppe.
   401 | D:1      | Reached skill level 5 in Spellcasting
   401 | D:1      | Reached XP level 3. HP: 28/28 MP: 3/9
   805 | D:2      | Reached skill level 1 in Invocations
   852 | D:2      | Learned a level 3 spell: Ozocubu's Armour
   885 | D:2      | Reached skill level 1 in Long Blades
   885 | D:2      | Reached skill level 1 in Axes
   885 | D:2      | Reached skill level 1 in Maces & Flails
   885 | D:2      | Reached skill level 1 in Polearms
   885 | D:2      | Reached skill level 1 in Staves
   885 | D:2      | Reached skill level 1 in Ranged Weapons
   885 | D:2      | Reached skill level 1 in Throwing
   885 | D:2      | Reached skill level 1 in Armour
   885 | D:2      | Reached skill level 1 in Stealth
   885 | D:2      | Reached skill level 1 in Shields
   885 | D:2      | Reached skill level 1 in Unarmed Combat
   885 | D:2      | Reached skill level 1 in Evocations
  1058 | D:2      | Noticed Sigmund
  1151 | D:2      | Reached XP level 4. HP: 34/34 MP: 8/11
  1411 | D:2      | Noticed Robin
  1414 | D:2      | Reached skill level 1 in Conjurations
  1414 | D:2      | Reached skill level 1 in Hexes
  1414 | D:2      | Reached skill level 1 in Summonings
  1414 | D:2      | Reached skill level 1 in Necromancy
  1414 | D:2      | Reached skill level 1 in Translocations
  1414 | D:2      | Reached skill level 1 in Transmutations
  1414 | D:2      | Reached skill level 1 in Fire Magic
  1414 | D:2      | Reached skill level 1 in Air Magic
  1414 | D:2      | Reached skill level 1 in Earth Magic
  1414 | D:2      | Reached skill level 1 in Poison Magic
  1423 | D:2      | Killed Robin
  1769 | D:3      | Found a faded altar of an unknown god.
  1899 | D:3      | Found a sparkling altar of Nemelex Xobeh.
  2143 | D:3      | Reached XP level 5. HP: 40/40 MP: 6/12
  2243 | D:3      | Found a shadowy altar of Dithmenos.
  2683 | D:4      | Found a shimmering altar of Xom.
  2762 | D:4      | Noticed a phantom
  2779 | D:4      | Killed a phantom
  2780 | D:4      | Reached XP level 6. HP: 36/47 MP: 13/13
  2809 | D:4      | Found a basalt altar of Yredelemnul.
  2928 | D:4      | Found a runed translucent gate.
  2928 | D:4      | Found a runed translucent gate.
  2928 | D:4      | Found a runed translucent gate.
  2929 | D:4      | Found an opulent altar of Gozag.
  2929 | D:4      | Noticed a yak
  2929 | D:4      | Noticed a two-headed ogre
  2929 | D:4      | Noticed erynZofia's ghost (novice GrHu)
  2956 | D:4      | Found Qicych's Assorted Antiques.
  3026 | D:4      | Bought a distressingly furry leather armour for 175 gold
                  | pieces
  3026 | D:4      | Identified the +0 leather armour "Ganalaro" {-Cast +Blink
                  | Will+++ Regen+} (You bought it in a shop on level 4 of the
                  | Dungeon)
  3181 | D:4      | Found an ancient bone altar of Kikubaaqudgha.
  3186 | D:4      | Reached XP level 7. HP: 52/52 MP: 15/15
  3517 | D:5      | Entered Level 5 of the Dungeon
  3647 | D:5      | Found a staircase to the Ecumenical Temple.
  3674 | Temple   | Entered the Ecumenical Temple
  3891 | Temple   | Became a worshipper of Ashenzari the Shackled
  3930 | D:5      | Found a shimmering blue altar of Sif Muna.
  3949 | D:5      | Noticed Menkaure
  3970 | D:5      | Killed Menkaure
  4124 | D:5      | Reached XP level 8. HP: 35/60 MP: 12/16
  4580 | D:5      | Reached skill level 11 in Short Blades
  5051 | D:2      | Killed Sigmund
  5341 | D:6      | Found a sand-covered staircase.
  5346 | Ossuary  | Entered an ossuary
  5373 | Ossuary  | Reached XP level 9. HP: 68/68 MP: 16/19
  5745 | D:6      | Found a snail-covered altar of Cheibriados.
  5961 | D:6      | Reached skill level 5 in Fighting
  5961 | D:6      | Reached skill level 5 in Dodging
  6008 | D:6      | Found Xunt's Armour Boutique.
  6031 | D:6      | Found Doheaxt's General Store.
  6181 | D:6      | Reached skill level 5 in Invocations
  6190 | D:6      | Reached * piety under Ashenzari
  6623 | D:6      | Noticed Prince Ribbit
  6635 | D:6      | Killed Prince Ribbit
  6648 | D:6      | HP: 2/70 [centaur (2)]
  6651 | D:6      | Slain by a centaur

Illustrated notes

Levels and vault maps discovered:
D:1:      ebering_trefoil_3fold, layout_rooms, serial_shops,
          nicolae_shop_statue_plus
D:2:      layout_loops_ring, minmay_split_cup_small, uniq_sigmund, uniq_robin
D:3:      layout_basic, mainiacjoe_overflow_concentric_impassable,
          grunt_dithmenos_smoke_and_mirrors, shapermc_ecumenical_altar_pompeii,
          minmay_cupped
D:4:      layout_loops_ring, kennysheep_vampire_church,
          mainiacjoe_overflow_six_doors_small, nicolae_yredelemnul_corpse_copse,
          ebering_ghost_gozag, serial_shops, shop
D:5:      layout_loops_ring, kennysheep_mini_moat,
          minmay_temple_entry_enclosed_plants, uniq_menkaure
D:6:      layout_loops_corners, kennysheep_slug_shrine, enter_ossuary_3,
          serial_shops, shop, nicolae_shop_advertising_works
          [nicolae_subvault_shop_adworks], nicolae_shop_behind_doors,
          mrwooster_statue_mirror, nicolae_elevator_lobby_plus,
          uniq_prince_ribbit1
Temple:   bh_familiar_temple

Skill      XL: |  1  2  3  4  5  6  7  8  9 |
---------------+----------------------------+-----
Short Blades   | 11 | 11.5
Ice Magic      | 2 3 4 |  4.6
Spellcasting   | 5 6 7 |  7.0
Invocations    | 1 2 3 4 5 |  5.3
Long Blades    | 1 2 3 4 |  4.8
Axes           | 1 2 3 4 |  4.8
Maces & Flails | 1 2 3 4 |  4.8
Polearms       | 1 2 3 4 |  4.8
Staves         | 1 2 3 4 |  4.8
Ranged Weapons | 1 2 3 4 |  4.8
Throwing       | 1 2 3 4 |  4.8
Armour         | 1 2 3 4 |  4.8
Stealth        | 1 2 3 4 |  4.8
Shields        | 1 2 3 4 |  4.8
Unarmed Combat | 1 2 3 4 |  4.8
Evocations     | 1 2 3 4 |  4.8
Conjurations   | 1 2 3 4 |  4.0
Hexes          | 1 2 3 4 |  4.0
Summonings     | 1 2 3 4 |  4.0
Necromancy     | 1 2 3 4 |  4.0
Translocations | 1 2 3 4 |  4.0
Transmutations | 1 2 3 4 |  4.0
Fire Magic     | 1 2 3 4 |  4.0
Air Magic      | 1 2 3 4 |  4.0
Earth Magic    | 1 2 3 4 |  4.0
Poison Magic   | 1 2 3 4 |  4.0
Fighting       | 3 4 5 |  5.5
Dodging        | 3 4 5 |  5.5

Action                     |  1- 3 |  4- 6 |  7- 9 || total
---------------------------+-------+-------+-------++-------
  Melee: Short sword       |    58 |   143 |   333 ||   534
         Bite              |     6 |    12 |    42 ||    60
         Punch             |       |     4 |     3 ||     7
   Cast: Freeze            |    38 |    48 |    35 ||   121
         Ozocubu's Armour  |       |     3 |    18 ||    21
 Invoke: Curse Item        |       |       |     2 ||     2
  Evoke: Wand              |       |     1 |     8 ||     9
    Use: Scroll            |       |     8 |     7 ||    15
         Potion            |       |       |     1 ||     1
   Stab: Sleeping          |     2 |     2 |     7 ||    11
         Distracted        |       |       |     1 ||     1
 Armour: Robe              |     6 |    36 |    48 ||    90
  Dodge: Dodged            |    31 |    82 |   212 ||   325
